 Dungeon Crawl Stone Soup version 0.23.2-40-g277498a001 (webtiles) character file.

Game seed: 14323511636006294184

1730 Destapler the Cutter (level 8, -2/58 HPs)
             Began as a Demonspawn Wizard on Aug 28, 2019.
             Was an Initiate of Sif Muna.
             Slain by an orc
             ... wielding a +0 trident
              (6 damage)
             ... on level 7 of the Dungeon.
             The game lasted 00:35:08 (9690 turns).

Destapler the Cutter (Demonspawn Wizard)            Turns: 9690, Time: 00:35:08

Health: -2/58      AC:  5    Str:  7    XL:     8   Next: 76%
Magic:  1/16       EV: 12    Int: 21    God:    Sif Muna [......]
Gold:   402        SH:  0    Dex: 13    Spells: 15/18 levels left

rFire    . . .     SeeInvis .   a - +1 short sword (speed)
rCold    . . .     Gourm    .   (no shield)
rNeg     . . .     Faith    .   j - +0 robe
rPois    .         Spirit   .   b - +0 hat
rElec    .         Reflect  .   (no cloak)
rCorr    .         Harm     .   (no gloves)
MR       +....                  h - +2 pair of boots
Stlth    ++........             (no amulet)
HPRegen  0.19/turn              (no ring)
MPRegen  0.15/turn              i - ring of protection from magic

@: very slightly contaminated
A: antennae 1, demonic guardian 2, spiny 1
a: Renounce Religion


You were on level 7 of the Dungeon.
You worshipped Sif Muna.
Sif Muna was noncommittal.
You were not hungry.

You visited 2 branches of the dungeon, and saw 8 of its levels.

You collected 402 gold pieces.

Inventory:

Hand Weapons
 a - a +1 short sword of speed (weapon)
Missiles
 f - 246 stones (quivered)
 x - 5 tomahawks
Armour
 b - a +0 hat (worn)
 h - a +2 pair of boots (worn)
 j - a +0 robe (worn)
 k - a +0 shield
Jewellery
 i - a ring of protection from magic (right hand)
 m - an uncursed ring of resist corrosion
 y - an uncursed amulet of guardian spirit {unknown}
 z - an uncursed ring of protection from cold
 D - the ring of Catem {*Slow rPois rN+ Str+4 Int+6}
   (You took it off an orc on level 6 of the Dungeon)

   [ring of positive energy]

   It affects your strength (+4).
   It affects your intelligence (+6).
   It protects you from poison.
   It protects you from negative energy.
   It may slow you when you take damage.
Wands
 w - a wand of clouds (6)
Scrolls
 g - 3 scrolls of identify
 n - 2 scrolls of teleportation
 p - 3 scrolls of magic mapping {unknown}
 s - 2 scrolls of amnesia
 B - a scroll of remove curse
Potions
 c - 2 potions of degeneration {unknown}
 e - 2 potions of brilliance
 l - 2 potions of curing
 o - a potion of might {unknown}
 q - a potion of agility
 r - a potion of lignification {unknown}
 t - 2 potions of mutation
 u - 2 potions of haste {unknown}
 v - a potion of invisibility {unknown}
 A - 2 potions of heal wounds
Comestibles
 d - 13 rations
 C - 5 chunks of flesh


   Skills:
 - Level 3.0 Fighting
 + Level 6.1 Short Blades
 - Level 1.7 Dodging
 - Level 1.7 Stealth
 - Level 4.0 Shields
 + Level 5.5 Spellcasting
 - Level 3.0 Conjurations
   Level 1.0 Summonings
 - Level 3.0 Translocations


You had 15 spell levels left.
You knew the following spells:

 Your Spells              Type           Power        Failure   Level  Hunger
a - Magic Dart            Conj           ###.         3%          1    None
b - Blink                 Tloc           N/A          4%          2    None

Your spell library contained the following spells:

 Spells                   Type           Power        Failure   Level  Hunger
 Searing Ray              Conj           ###...       4%          2    None
 Call Imp                 Summ           ##......     11%         2    None
 Slow                     Hex            #.......     16%         2    None
 Conjure Flame            Conj/Fire      ##......     17%         3    ##.....
 Dazzling Spray           Conj/Hex       ##....       17%         3    ##.....
 Mephitic Cloud           Conj/Pois/Air  ##......     21%         3    ##.....
 Force Lance              Conj/Tloc      ###.....     28%         4    ####...
 Iskenderun's Mystic Bla  Conj           ###.....     28%         4    ####...
 Fulminant Prism          Conj/Hex       ##........   50%         4    ####...


Dungeon Overview and Level Annotations

Branches:
Dungeon (7/15)             Temple (1/1) D:5

Altars:
Cheibriados
Dithmenos
Elyvilon
Fedhas
Gozag
Hepliaklqana
Kikubaaqudgha
Makhleb
Nemelex Xobeh
Okawaru
Ru
Sif Muna
Trog
Uskayaw
Wu Jian
Yredelemnul
The Shining One

Shops:
D:4 =

Annotations:
D:6 3 runed translucent doors, bildradio's ghost, novice GrGl
D:7 Joseph


Innate Abilities, Weirdness & Mutations

You have a pair of small antennae on your head.
A demonic guardian rushes to your aid.
You are partially covered in sharp spines.


Message History

Joseph is almost dead.
Your smoke demon disappears in a puff of smoke!
The orc barely misses you.
You hit Joseph but do no damage.
Joseph is almost dead.
The orc barely misses you.
Joseph unwields a +0 hunting sling.
Joseph wields a +0 quarterstaff.
Joseph hits you with a +0 quarterstaff!
You barely miss Joseph.
Joseph is almost dead.
You hit Joseph but do no damage.
Joseph is almost dead.
The orc hits you from afar with a +0 trident!
Joseph is struck by your spines. Joseph hits you with a +0 quarterstaff!
* * * LOW HITPOINT WARNING * * *
You hit Joseph but do no damage.
Joseph is almost dead.
You hit Joseph but do no damage.
Joseph is almost dead.
The orc hits you from afar with a +0 trident.
You die...

## .. .###.
..... ... #
.(.(# #.#.###..
#.#####..)....(
.......@(o..$..
...####@#.###.#
#(† .# #... ..
#.... #. ......
. .......
........


You could see Joseph and an orc.

Vanquished Creatures
  A two-headed ogre (D:5)
  Prince Ribbit (D:5)
  A phantom (D:5)
  A centaur (D:6)
  An ogre (D:5)
  A bullfrog (D:7)
  2 howler monkeys (D:6)
  2 crimson imps (D:6)
  A jelly (D:3)
  2 orc priests (D:5)
  2 orc wizards
  A bullfrog skeleton (D:5)
  2 iguanas (D:6)
  2 worker ants
  A hound zombie (D:5)
  Robin (D:3)
  7 gnolls
  14 adders
  3 shadow imps (D:6)
  An ooze (D:4)
  3 worms
  2 dart slugs
  A leopard gecko (D:1)
  16 orcs
  6 giant cockroaches
  7 hobgoblins
  16 jackals
  A quokka (D:3)
  3 ball pythons
  7 bats
  9 frilled lizards
  9 goblins
  A jackal zombie (D:3)
  9 kobolds
  A leopard gecko skeleton (D:6)
  12 rats
150 creatures vanquished.

Vanquished Creatures (collateral kills)
  An ogre (D:4)
  A hound (D:3)
  A worker ant (D:7)
  A gnoll (D:5)
  A leopard gecko (D:3)
  2 orcs (D:7)
  A goblin (D:3)
  A hobgoblin (D:3)
9 creatures vanquished.

Grand Total: 159 creatures vanquished

Notes
Turn   | Place    | Note
-------+----------+-------------------------------------------
     0 | D:1      | Destapler the Demonspawn Wizard began the quest for the
                  | Orb.
     0 | D:1      | Reached XP level 1. HP: 13/13 MP: 4/4
   481 | D:1      | Gained mutation: A weak demonic guardian rushes to your
                  | aid. [demonic ancestry]
   481 | D:1      | Reached XP level 2. HP: 17/19 MP: 6/6
   592 | D:1      | Learned a level 2 spell: Blink
   618 | D:1      | Reached skill level 1 in Translocations
  1477 | D:2      | Gained mutation: You have a pair of small antennae on your
                  | head. [demonic ancestry]
  1477 | D:2      | Reached XP level 3. HP: 10/24 MP: 7/7
  1687 | D:2      | Reached skill level 1 in Short Blades
  2710 | D:1      | Reached XP level 4. HP: 9/30 MP: 6/8
  3123 | D:2      | Reached skill level 2 in Short Blades
  3934 | D:3      | Found a blossoming altar of Fedhas.
  4006 | D:3      | Gained mutation: A demonic guardian rushes to your aid.
                  | [demonic ancestry]
  4006 | D:3      | Reached XP level 5. HP: 26/35 MP: 7/9
  4595 | D:3      | Reached skill level 3 in Short Blades
  4713 | D:3      | Found a bloodstained altar of Trog.
  4926 | D:3      | Noticed Robin
  4964 | D:3      | Killed Robin
  5534 | D:4      | Reached skill level 4 in Short Blades
  5534 | D:4      | Reached XP level 6. HP: 36/41 MP: 10/10
  5995 | D:4      | Reached skill level 1 in Fighting
  6070 | D:4      | Found Gasekes's Jewellery Boutique.
  6116 | D:4      | Found a sparkling altar of Nemelex Xobeh.
  6476 | D:4      | Found a burning altar of Makhleb.
  6476 | D:4      | Noticed a cacodemon
  6479 | D:4      | Noticed a neqoxec
  6479 | D:4      | Noticed a ynoxinul
  6702 | D:5      | Entered Level 5 of the Dungeon
  6786 | D:5      | Reached skill level 1 in Shields
  7086 | D:5      | Noticed a two-headed ogre
  7092 | D:5      | Killed a two-headed ogre
  7092 | D:5      | Reached XP level 7. HP: 52/52 MP: 7/12
  7212 | D:5      | Found a staircase to the Ecumenical Temple.
  7233 | Temple   | Entered the Ecumenical Temple
  7525 | D:5      | Noticed Prince Ribbit
  7550 | D:5      | Killed Prince Ribbit
  7550 | D:5      | Reached skill level 5 in Short Blades
  7550 | D:5      | Gained mutation: You are partially covered in sharp spines.
                  | [demonic ancestry]
  7550 | D:5      | Reached XP level 8. HP: 14/58 MP: 1/14
  8663 | D:6      | Reached skill level 5 in Spellcasting
  8719 | D:6      | Found a runed translucent gate.
  8719 | D:6      | Found a runed translucent gate.
  8719 | D:6      | Found a runed translucent gate.
  8719 | D:6      | Noticed bildradio's ghost (novice GrGl)
  8995 | D:6      | Found a deep blue altar of Sif Muna.
  9072 | D:6      | Became a worshipper of Sif Muna the Loreminder
  9231 | D:6      | Found an ornate altar of the Wu Jian Council.
  9500 | D:6      | Identified the ring of Catem {*Slow rPois rN+ Str+4 Int+6}
  9577 | D:6      | Reached skill level 6 in Short Blades
  9666 | D:7      | Noticed Joseph
  9690 | D:7      | Slain by an orc

Skill      XL: |  1  2  3  4  5  6  7  8 |
---------------+-------------------------+-----
Translocations | 1 2 3 |  3.0
Short Blades   | 1 2 4 5 6 |  6.1
Fighting       | 3 |  3.0
Conjurations   | 2 3 |  3.0
Shields        | 1 2 4 |  4.0
Spellcasting   | 4 5 |  5.5
Dodging        | |  1.7
Stealth        | |  1.7
Summonings     | |  1.0

Action                   |  1- 3 |  4- 6 |  7- 9 || total
-------------------------+-------+-------+-------++-------
Melee: Unarmed           |     9 |       |       ||     9
       Short sword       |   120 |   341 |   208 ||   669
Throw: Stone             |    19 |     2 |    19 ||    40
 Cast: Magic Dart        |    58 |    66 |    83 ||   207
       Blink             |     3 |     5 |     4 ||    12
  Use: Scroll            |     2 |     5 |     2 ||     9
       Potion            |     1 |     1 |       ||     2
 Stab: Sleeping          |     6 |     6 |     2 ||    14
  Eat: Chunk             |     4 |    15 |     9 ||    28
Armor: Robe              |    23 |    61 |    25 ||   109
Dodge: Dodged            |    47 |   171 |    88 ||   306
